 Dungeon Crawl Stone Soup version 0.31-a0-246-g8cbcc1cb85 (webtiles) character file.

Game seed: 17432817121032840694

91 qw the Shooter (level 4, -3/36 HPs)
             Began as a Minotaur Hexslinger on July 12, 2023.
             Splashed by a jelly's acid (7 damage)
             ... on level 3 of the Dungeon.
             The game lasted 00:00:41 (1460 turns).

qw the Shooter (Minotaur Hexslinger)                Turns: 1460, Time: 00:00:42

Health: -3/36      AC:  0    Str: 11 (13) XL:     4   Next: 33%
Magic:  4/4        EV: 12    Int:  8 (10) God:
Gold:   150        SH:  0    Dex: 13 (14) Spells: 4/5 levels left

rFire   + . .        Y - +1 sling
rCold   . . .        (no shield)
rNeg    . . .        c - +0 robe
rPois   .            (helmet restricted)
rElec   .            i - +1 cloak
rCorr   .            (no gloves)
SInv    .            (no boots)
Will    .....        (no amulet)
Stlth   +            a - ring of protection from fire
HPRegen 0.26/turn    (no ring)
MPRegen 0.09/turn

%: no passive effects
@: corroded
A: horns 2, retaliatory headbutt
a: no special abilities


You were on level 3 of the Dungeon.
You visited 1 branch of the dungeon, and saw 3 of its levels.

You collected 150 gold pieces.


Innate Abilities, Weirdness & Mutations

You have a pair of horns on your head.
You reflexively headbutt those who attack you in melee.


   Skills:
 - Level 2.0 Fighting
 + Level 4.9 Ranged Weapons
 - Level 2.1 Dodging
 - Level 1.0 Spellcasting
 - Level 2.0 Hexes


You had 4 spell levels left.
You knew the following spells:

 Your Spells              Type           Power      Damage    Failure   Level
a - Slow                  Hex            12%        N/A       17%         1

Your spell library contained the following spells:

 Spells                   Type           Power      Damage    Failure   Level
 Inner Flame              Hex/Fire       2%         N/A       61%         3
 Portal Projectile        Hex/Tloc       4%         N/A       61%         3
 Cause Fear               Hex            1%         N/A       86%         4

Inventory:

Hand Weapons
 Y - a +1 sling (weapon)
Armour
 b - a +0 leather armour
 c - a +0 robe (worn)
 i - a +1 cloak (worn)
Jewellery
 a - a ring of protection from fire (left hand)
 d - a ring of willpower
Scrolls
 h - 2 scrolls of identify
Potions
 e - a potion of resistance
 f - a potion of enlightenment
 g - a potion of curing

Dungeon Overview and Level Annotations

Branches:
Dungeon (3/15)

Altars:
Fedhas
Zin


Message History

You shoot a sling bullet. The sling bullet hits the rat.
You kill the rat!
Found a blossoming altar of Fedhas.
Enter note:
Enter note: The jelly quivers.
The jelly jiggles.
Found 4 stones.
Enter note:
Enter note:
Enter note: You see here 4 stones.
Enter note:
Enter note: You shoot a sling bullet.
The sling bullet barely misses the jelly.
The jelly quivers.
You hear a shout!
A kobold comes into view. It is wielding a +0 dagger.
You shoot a sling bullet.
The sling bullet closely misses the kobold.
You shoot a sling bullet. The sling bullet hits the kobold.
You kill the kobold!
You shoot a sling bullet. The sling bullet hits the jelly.
The jelly is lightly wounded.
You shoot a sling bullet. The sling bullet hits the jelly.
The jelly is heavily wounded.
You shoot a sling bullet. The sling bullet hits the jelly.
The jelly is severely wounded.
The jelly hits you. The acid corrodes you!
You are splashed with acid!
You shoot a sling bullet. The sling bullet hits the jelly.
The jelly is almost dead.
The jelly hits you.
You are splashed with acid!
You shoot a sling bullet.
The sling bullet barely misses the jelly.
The jelly hits you.
You are splashed with acid!
You shoot a sling bullet.
The sling bullet completely misses the jelly.
The jelly hits you.
You are splashed with acid!
You die...

.......~¤J¤...
.#####.~¤~¤~~...
.......¤¤¤~~~~~.
######.¤.¤.....¤##
..................
####.....####.##.# .#
#.....# #.##)####.#
.# #.....#
#.##J.....#. .#
#.....# #..(@.......
.# #.....#
#.#########.
.###.....####.#######
....................#
.###........#.#####.#
## #####....#.#
#....#.# #....#.#
#....#.#


You could see a jelly.

Vanquished Creatures
  Jessica (D:3)
  A worm (D:2)
  2 dart slugs (D:2)
  4 endoplasms
  7 goblins
  10 hobgoblins
  4 quokkas
  5 ball pythons
  6 bats
  2 frilled lizards
  8 kobolds
  5 rats
55 creatures vanquished.

Notes
Turn   | Place    | Note
-------+----------+-------------------------------------------
     0 | D:1      | qw the Minotaur Hexslinger began the quest for the Orb.
     0 | D:1      | Reached XP level 1. HP: 16/16 MP: 1/1
     0 | D:1      | 0 ||| qw: Version: 0.3-a-52-g30416fa
     0 | D:1      | 0 ||| qw: Game counter: 6457
     0 | D:1      | 0 ||| qw: Melee chars always use a shield: true
     0 | D:1      | 0 ||| qw: God list: Okawaru
     0 | D:1      | 0 ||| qw: Allow faded altars: false
     0 | D:1      | 0 ||| qw: Do Orc after clearing Dungeon:15 true
     0 | D:1      | 0 ||| qw: Do second Lair branch before Depths: true
     0 | D:1      | 0 ||| qw: Lair rune preference: random
     0 | D:1      | 0 ||| qw: Goals: Normal
     0 | D:1      | 0 ||| PLANNING D:1-11
    38 | D:1      | Reached skill level 3 in Ranged Weapons
   110 | D:1      | Reached XP level 2. HP: 23/23 MP: 2/2
   587 | D:1      | 587 ||| READING scroll labelled RUMAXT WOCWAPS.
   588 | D:1      | 588 ||| READING scroll labelled DATEOCUKKU.
   589 | D:1      | 589 ||| READING 3 scrolls labelled KOHAVA QORASKI.
   590 | D:1      | 590 ||| READING scroll labelled WAICOS ARUXZUE.
   594 | D:1      | 594 ||| DRINKING 2 bubbling grey potions.
   595 | D:1      | 595 ||| READING 2 scrolls of identify.
   595 | D:1      | 595 ||| IDENTIFYING red potion
   596 | D:1      | 596 ||| DROPPING scroll of poison.
   597 | D:1      | 597 ||| DROPPING potion of degeneration.
   724 | D:2      | Reached XP level 3. HP: 25/29 MP: 3/3
  1067 | D:2      | Found a glowing silver altar of Zin.
  1075 | D:2      | 1075 ||| UPGRADING to +1 cloak.
  1080 | D:2      | 1080 ||| UPGRADING to ring of protection from fire.
  1081 | D:2      | 1081 ||| READING scroll labelled WOZOEZ HAFF.
  1082 | D:2      | 1082 ||| READING 4 scrolls of identify.
  1082 | D:2      | 1082 ||| IDENTIFYING yellow potion
  1083 | D:2      | 1083 ||| READING 3 scrolls of identify.
  1083 | D:2      | 1083 ||| IDENTIFYING fizzy emerald potion
  1084 | D:2      | 1084 ||| READING 2 scrolls of identify.
  1084 | D:2      | 1084 ||| IDENTIFYING clear potion
  1085 | D:2      | 1085 ||| DROPPING potion of magic.
  1179 | D:3      | Reached skill level 4 in Ranged Weapons
  1299 | D:3      | Noticed Jessica
  1310 | D:3      | Killed Jessica
  1311 | D:3      | Reached XP level 4. HP: 32/36 MP: 4/4
  1422 | D:3      | Found a blossoming altar of Fedhas.
  1459 | D:3      | HP: 4/36 [acid (10)]
  1460 | D:3      | Splashed by a jelly's acid

Levels and vault maps discovered:
D:1:      co_arrival_hall_of_pillars, layout_loops_ring
D:2:      layout_basic, basic_altar
D:3:      cheibrodos_greedy_goblins, layout_basic, mainiacjoe_overflow_catwalk,
          nicolae_half_adder, uniq_jessica

Skill      XL: |  1  2  3 |
---------------+----------+-----
Ranged Weapons | 3 4 |  4.9
Fighting       | 2 |  2.0
Dodging        | |  2.1
Spellcasting   | |  1.0
Hexes          | |  2.0

Action                     |  1- 3 |  4- 6 || total
---------------------------+-------+-------++-------
   Fire: Sling             |   133 |    14 ||   147
    Use: Scroll            |     9 |       ||     9
         Potion            |     1 |       ||     1
 Armour: Robe              |     4 |       ||     4
  Dodge: Dodged            |    43 |       ||    43

Table legend:
 A = Non-vault XP
 B = Vault XP
 C = Vault XP percentage of total XP
 D = Non-vault monster count
 E = Vault monster count
 F = Vault count percentage of total count
                 A         B        C        D         E       F
            +---------+---------+-------+---------+---------+-------
      Total |      68 |      62 |  47.7 |      41 |      14 |  25.5
            +---------+---------+-------+---------+---------+-------
        D:1 |      31 |       0 |   0.0 |      20 |       0 |   0.0
        D:2 |      27 |       0 |   0.0 |      13 |       0 |   0.0
        D:3 |      10 |      62 |  86.1 |       8 |      14 |  63.6
            +---------+---------+-------+---------+---------+-------
